 Dungeon Crawl Stone Soup version 0.18-a0-750-g37044d6 (webtiles) character file.

34681 4thArraOfDagon the Severer (level 13, -7/115 HPs)
             Began as a Hill Orc Summoner on Dec 11, 2015.
             Was an Elder of Okawaru.
             Mangled by a tengu warrior
             ... wielding a +0 dire flail
              (13 damage)
             ... on level 15 of the Dungeon.
             The game lasted 01:09:14 (10335 turns).

4thArraOfDagon the Severer (Hill Orc Summoner)     Turns: 10335, Time: 01:09:14

Health: -7/115     AC: 23    Str: 14    XL:     13   Next: 79%
Magic:  5/22       EV: 12    Int: 21    God:    Okawaru [****..]
Gold:   564        SH:  0    Dex:  8    Spells: 1 memorised, 12 levels left

rFire  + + .     SeeInvis .     x - +3 broad axe of Karma {chop, rN+ Int+2 Dex-4}
rCold  . . .     Clarity  .     X - +8 ring mail "Veps" {rC+}
rNeg   + . .     SustAt   .     (no shield)
rPois  .         Gourm    +     Y - +2 helmet {Int+3}
rElec  .         Spirit   .     (no cloak)
rCorr  .         Dismiss  .     (no gloves)
rMut   .         Stasis   .     O - +2 pair of boots {run}
MR     .....                    U - amulet of the gourmand
Stlth  ++........               L - ring of protection from fire
                                J - ring of fire

@: heroism, very slightly contaminated, hasted, very quick, not resistant to
hostile enchantments, unstealthy
A: low mp 1
a: Heroism, Renounce Religion


You were on level 15 of the Dungeon.
You worshipped Okawaru.
Okawaru was greatly pleased with you.
You were not hungry.

You visited 1 branch of the dungeon, and saw 15 of its levels.
You also visited: Labyrinth.

You collected 896 gold pieces.
You spent 332 gold pieces at shops.

Inventory:

Hand Weapons
 x - the +3 broad axe of Karma (weapon) {chop, rN+ Int+2 Dex-4}
   (Okawaru gifted it to you on level 11 of the Dungeon)

   It inflicts extra damage upon your enemies.
   It affects your intelligence (+2).
   It affects your dexterity (-4).
   It protects you from negative energy.
 N - a +2 battleaxe of pain
 R - a +2 scimitar of flaming
 V - a +0 blowgun
Missiles
 f - 2 curare-tipped needles
 g - 2 javelins of returning (quivered)
 h - 5 needles of sleeping
 P - 5 tomahawks of dispersal
 W - a throwing net
Armour
 A - a +1 chain mail of poison resistance
 O - a +2 pair of boots of running (worn)
 X - the +8 ring mail "Veps" (worn) {rC+}
   (You found it on level 12 of the Dungeon)

   It protects you from cold.
 Y - a +2 helmet of intelligence (worn)
Magical Staves
 Q - an uncursed staff of summoning {!a}
Rods
 l - a +4 rod of ignition (10/10)
   (You took it off a minotaur in a labyrinth)
 I - a +0 rod of the swarm (10/10)
   (You took it off a hill giant on level 14 of the Dungeon)
Jewellery
 i - an uncursed amulet of clarity
 m - an uncursed ring of flight
 o - an uncursed ring of sustain attributes
 J - a ring of fire (left hand)
 L - a ring of protection from fire (right hand)
 U - an amulet of the gourmand (around neck)
Wands
 a - a wand of random effects (20)
 v - a wand of confusion (22)
 y - a wand of paralysis (8)
 z - a wand of digging (5)
 B - a wand of polymorph (14)
 H - a wand of disintegration (1)
Scrolls
 e - 4 scrolls of recharging
 q - 2 scrolls of enchant armour
 u - 5 scrolls of remove curse
 w - a scroll of amnesia
 F - 4 scrolls of immolation
 M - a scroll of enchant weapon
 Z - 2 scrolls of noise
Potions
 n - 2 potions of haste
 r - 2 potions of flight
 t - a potion of brilliance
 T - 3 potions of cure mutation
Books
 G - a book of the Earth

   Spells                             Type                      Level
   a - Leda's Liquefaction            Hexes/Earth                  4
   b - Bolt of Magma                  Conjuration/Fire/Earth       5
   c - Statue Form                    Transmutation/Earth          6
   d - Iron Shot                      Conjuration/Earth            6
   e - Shatter                        Earth                        9
Miscellaneous
 s - an ornate deck of wonders {drawn: 2}
Comestibles
 c - 8 bread rations
 d - 8 meat rations
 p - 3 beef jerkies
 C - 2 royal jellies
 K - a slice of pizza


   Skills:
 + Level 10.9(15.9) Fighting
 * Level 15.9(20.9) Axes
 + Level 5.2(10.2) Throwing
 + Level 9.6(14.6) Armour
 - Level 1.5(6.5) Dodging
 - Level 1.5(6.5) Stealth
 - Level 2.2 Spellcasting
 - Level 5.0 Summonings
 * Level 15.4 Invocations
 + Level 2.9 Evocations


You had 12 spell levels left.
You knew the following spells:

 Your Spells              Type           Power        Failure   Level  Hunger
b - Summon Lightning Spi  Summ/Air       ##......     82%         4    #####..


Dungeon Overview and Level Annotations

Branches:
Dungeon (15/15)            Temple (0/1) D:4            Lair (0/8) D:11
    Orc (0/4) D:9          Vaults (0/5) D:13
 Depths: D:15

Altars:
Ashenzari
Elyvilon
Gozag
Okawaru
Pakellas
Qazlal
Ru
Xom
Yredelemnul
Zin
The Shining One

Shops:
D:4 (   D:5 *   D:6 [   D:7 }

Portals:
Trove: D:15 (give +4 fire dragon armour)

Annotations:
D:2 exclusion: adder
D:5 Nicoed's ghost, novice OpCj
D:10 Maud


Innate Abilities, Weirdness & Mutations

Your magical capacity is low (-10% MP).


Message History

Your tengu warrior completely misses the tengu warrior.
The tengu warrior hits you with a dire flail.
* * * LOW HITPOINT WARNING * * *
The tengu warrior misses you. x2
Unknown command.
You miss the tengu warrior.
The tengu warrior is moderately wounded.
Unknown command.
Unknown command.
You hit the tengu warrior.
The tengu warrior is moderately wounded.
Unknown command.
Unknown command.
You closely miss the tengu warrior.
The tengu warrior is moderately wounded.
Your tengu warrior hits the tengu warrior with a dire flail.
Your tengu warrior completely misses the tengu warrior.
Your tengu warrior misses the tengu warrior.
The tengu warrior hits you with a dire flail!
You die...

+..........?.....
###.............#
#................
#......<..#......
#............#...
###.....#.#..#.##
#.....#.#......
####........#.#.##
#@#.#.....#...#...
########Q##.....#...####
#.$.....#Q#.....#....
#......Q##......#
#......G# #.#+# #
#.(.....####..#
#.............#
######........+
#........#


You could see a tengu warrior and a friendly tengu warrior.

Vanquished Creatures
  A dire elephant (D:15)
  A minotaur (Lab)
  A rakshasa (D:15)
  2 centaur warriors
  2 dancing weapons (D:13)
  2 tengu warriors (D:13)
  2 unseen horrors
  A wolf spider zombie (D:13)
  An orc knight (D:15)
  7 hill giants
  2 ugly things
  A cyclops (D:15)
  A manticore (D:14)
  A naga mage (D:15)
  2 centaur zombies
  Maurice (D:13)
  An efreet (D:15)
  A guardian mummy (D:15)
  A redback zombie (D:15)
  8 trolls
  2 slime creatures (D:15)
  A merfolk (D:11)
  3 two-headed ogres
  A wyvern (D:13)
  27 yaks
  A trapdoor spider (D:14)
  A deep elf mage (D:9)
  3 hippogriffs
  13 vampire mosquitoes
  2 shadows
  A deep elf fighter (D:11)
  3 hungry ghosts
  2 steam dragons
  A wraith (D:13)
  A water moccasin (D:5)
  A sky beast (D:8)
  10 centaurs
  3 black bears
  3 wasps
  5 ogres
  2 phantoms (D:9)
  A necrophage (D:12)
  7 orc warriors
  2 eyes of draining
  An ice beast (D:13)
  2 crocodiles
  20 big kobolds
  A wyvern skeleton (D:15)
  9 giant frogs
  4 scorpions
  18 killer bees
  6 crimson imps
  A quasit (D:11)
  6 orc priests
  4 jellies
  19 orc wizards
  8 hounds
  Jessica (D:2)
  6 centaur skeletons
  A giant frog skeleton (D:4)
  Ijyb (D:3)
  5 iguanas
  12 worker ants
  A hound skeleton (D:5)
  A worker ant zombie (D:8)
  5 gnolls
  4 river rats (D:11)
  11 adders
  3 shadow imps
  An adder zombie (D:8)
  3 adder skeletons
  3 giant geckos
  35 orcs
  8 bats
  3 hobgoblins
  15 jackals
  19 kobolds
  3 quokkas
  A ball python (D:4)
  3 giant cockroaches
  5 giant newts
  6 goblins
  20 rats
  A spectral orc (D:5)
411 creatures vanquished.

Vanquished Creatures (collateral kills)
  A giant frog skeleton (D:4)
  3 gnolls
  2 adders (D:2)
  An orc (D:4)
  2 hobgoblins
  A giant newt (D:3)
  A kobold (D:3)
  A rat (D:1)
12 creatures vanquished.

Vanquished Creatures (others)
  An orc (D:12)
  A fungus (D:11)
2 creatures vanquished.

Grand Total: 425 creatures vanquished

Notes
Turn   | Place    | Note
--------------------------------------------------------------
     0 | D:1      | 4thArraOfDagon the Hill Orc Summoner began the quest for the Orb.
     0 | D:1      | Reached XP level 1. HP: 14/14 MP: 3/3
    52 | D:1      | Reached skill level 1 in Fighting
   136 | D:2      | Reached XP level 2. HP: 19/25 MP: 1/4
   139 | D:2      | Found an iron altar of Okawaru.
   177 | D:2      | Became a worshipper of Warmaster Okawaru
   206 | D:2      | Reached skill level 1 in Axes
   206 | D:2      | Reached XP level 3. HP: 23/31 MP: 2/5
   628 | D:1      | Reached XP level 4. HP: 33/38 MP: 4/6
   752 | D:2      | Found a faded altar to an unknown god.
   833 | D:2      | Noticed Jessica
   837 | D:2      | Killed Jessica
   837 | D:2      | Reached skill level 1 in Invocations
  1101 | D:2      | Reached XP level 5. HP: 39/45 MP: 4/7
  1165 | D:2      | Found an oddly glowing altar of Pakellas.
  1405 | D:3      | Noticed Ijyb
  1443 | D:3      | Killed Ijyb
  1478 | D:3      | Found an opulent altar of Gozag.
  1517 | D:3      | Gained mutation: You regenerate slowly when monsters are visible. [potion of mutation]
  1517 | D:3      | Gained mutation: You are agile. (Dex +2) [potion of mutation]
  1517 | D:3      | Gained mutation: Your spells are a little easier to cast, but a little less powerful. [potion of mutation]
  1703 | D:3      | Reached skill level 1 in Armour
  1875 | D:4      | Found a staircase to the Ecumenical Temple.
  1886 | D:4      | Noticed a steam dragon
  1886 | D:4      | an iguana changed into a steam dragon
  1888 | D:4      | Killed a steam dragon
  1888 | D:4      | Reached * piety under Okawaru
  1888 | D:4      | Reached skill level 5 in Axes
  1888 | D:4      | Reached XP level 6. HP: 52/52 MP: 8/8
  2214 | D:5      | Entered Level 5 of the Dungeon
  2221 | D:4      | smite city
  2221 | D:4      | 24/7
  2238 | D:4      | Found Paustrac's Antique Weapon Emporium.
  2345 | D:4      | Reached XP level 7. HP: 29/60 MP: 9/9
  2411 | D:5      | Noticed Nicoed's ghost (novice OpCj)
  2524 | D:5      | Learned a level 4 spell: Summon Lightning Spire
  2541 | D:5      | Reached skill level 6 in Axes
  2549 | D:5      | uhh
  2586 | D:5      | Reached ** piety under Okawaru
  2672 | D:5      | Found a shimmering altar of Xom.
  2745 | D:5      | Found a basalt altar of Yredelemnul.
  2817 | D:5      | Reached XP level 8. HP: 67/67 MP: 11/11
  2850 | D:5      | Found a shattered altar of Ashenzari.
  2852 | D:5      | Found an oddly glowing altar of Pakellas.
  2883 | D:5      | Found Zoiwn's Serpentskin Sales.
  2892 | D:5      | Bought a +1 chain mail of poison resistance for 189 gold pieces
  3092 | D:5      | Reached skill level 5 in Fighting
  3247 | D:6      | Reached skill level 5 in Summonings
  3257 | D:6      | Found a sacrificial altar of Ru.
  3390 | D:6      | Found Vidoty's Antique Armour Shop.
  3447 | D:6      | Reached skill level 7 in Axes
  3510 | D:6      | Reached skill level 5 in Invocations
  3624 | D:7      | Found a glowing silver altar of Zin.
  3625 | D:7      | Found a white marble altar of Elyvilon.
  3626 | D:7      | Found a glowing golden altar of the Shining One.
  3923 | D:7      | Found Myossyar's Gadget Shoppe.
  3931 | D:7      | Bought a wand of disintegration (7) for 143 gold pieces
  4079 | D:8      | Reached skill level 8 in Axes
  4140 | D:8      | Reached XP level 9. HP: 35/75 MP: 11/13
  4415 | D:8      | Reached skill level 9 in Axes
  4725 | D:9      | Noticed a hill giant
  4742 | D:9      | Killed a hill giant
  4771 | D:9      | Reached skill level 5 in Armour
  4805 | D:9      | Reached *** piety under Okawaru
  4805 | D:9      | Reached skill level 10 in Axes
  4821 | D:9      | Reached XP level 10. HP: 34/86 MP: 16/16
  4828 | D:9      | Found a stormy altar of Qazlal.
  5060 | D:9      | HP: 2/86 [orc warrior/glaive (24)]
  5148 | D:9      | Reached **** piety under Okawaru
  5148 | D:9      | Reached skill level 11 in Axes
  5392 | D:9      | Found a staircase to the Orcish Mines.
  5411 | D:10     | Entered Level 10 of the Dungeon
  5487 | D:10     | Reached skill level 10 in Invocations
  5552 | D:10     | Noticed Maud
  5876 | D:10     | Reached skill level 12 in Axes
  5880 | D:10     | Reached ***** piety under Okawaru
  5880 | D:10     | Reached XP level 11. HP: 55/95 MP: 19/19
  5925 | D:10     | Lost mutation: You regenerate slowly when monsters are visible. [potion of cure mutation]
  5925 | D:10     | Lost mutation: You are agile. (Dex +2) [potion of cure mutation]
  5925 | D:10     | Lost mutation: Your spells are a little easier to cast, but a little less powerful. [potion of cure mutation]
  5942 | D:10     | Noticed a hill giant
  5957 | D:10     | Killed a hill giant
  6122 | D:11     | Noticed a hill giant
  6130 | D:11     | Killed a hill giant
  6217 | D:11     | Received a gift from Okawaru
  6218 | D:11     | Got a transparent broad axe {god gift}
  6226 | D:11     | Identified the +3 broad axe of Karma {chop, rN+ Int+2 Dex-4} (Okawaru gifted it to you on level 11 of the Dungeon)
  6269 | D:11     | Reached skill level 1 in Throwing
  6281 | D:11     | Reached skill level 13 in Axes
  6299 | D:11     | Gained mutation: Your magical capacity is low (-10% MP). [mutagenic meat]
  6311 | D:11     | Found a staircase to the Lair.
  7251 | D:12     | Reached XP level 12. HP: 75/105 MP: 19/19
  7279 | D:12     | Got a brightly glowing ring mail
  7343 | D:12     | Paralysed by an orc for 6 turns
  7377 | D:11     | Identified the +8 ring mail "Veps" {rC+} (You found it on level 12 of the Dungeon)
  7569 | D:12     | Paralysed by an orc for 6 turns
  7604 | D:12     | Reached skill level 14 in Axes
  7694 | D:12     | Identified a scroll of acquirement
  7950 | D:13     | Noticed Maurice
  7958 | D:13     | Killed Maurice
  7958 | D:13     | Received a gift from Okawaru
  7982 | D:13     | Identified a +2 pair of boots of running (Okawaru gifted it to you on level 13 of the Dungeon)
  8278 | D:13     | Noticed a centaur warrior
  8539 | D:13     | Noticed an enchanted long sword
  8549 | D:13     | Killed an enchanted long sword
  8549 | D:13     | Reached skill level 10 in Fighting
  8550 | D:13     | Found a gate to the Vaults.
  8551 | D:13     | Noticed an enchanted long sword
  8555 | D:13     | Killed an enchanted long sword
  8580 | D:13     | Noticed a tengu warrior
  8581 | D:13     | Noticed a tengu warrior
  8586 | D:13     | Killed a tengu warrior
  8604 | D:13     | Killed a tengu warrior
  8623 | D:13     | Reached skill level 15 in Axes
  8762 | D:13     | Killed a centaur warrior
  8762 | D:13     | Reached XP level 13. HP: 101/113 MP: 19/21
  8901 | D:14     | Found a labyrinth entrance.
  8917 | Lab      | Entered a labyrinth
  9219 | Lab      | Noticed a minotaur
  9226 | Lab      | Killed a minotaur
  9254 | D:14     | Identified a +4 rod of ignition (10/10) (You took it off a minotaur in a labyrinth)
  9418 | D:14     | Reached skill level 1 in Evocations
  9546 | D:14     | Identified a +0 rod of the swarm (5/10) (You took it off a hill giant on level 14 of the Dungeon)
  9584 | D:14     | You should not drink and bake
  9611 | D:15     | Entered Level 15 of the Dungeon
  9812 | D:15     | Received a gift from Okawaru
  9878 | D:15     | Found a portal to a secret trove of treasure.
  9960 | D:15     | Received a gift from Okawaru
  9960 | D:15     | Reached skill level 5 in Throwing
  9960 | D:15     | Reached skill level 15 in Invocations
 10267 | D:15     | Noticed a dire elephant
 10283 | D:15     | Killed a dire elephant
 10326 | D:15     | got ya
 10327 | D:15     | Received a gift from Okawaru
 10335 | D:15     | Mangled by a tengu warrior

Vault maps used:
D:1:      erik_arrival_triangle_medium
D:2:      fedhas_altar_4, okawaru_ov_weapons_minmay, ecumenical_altar_2,
          hangedman_decor_peaks_small, lemuel_statue_altar, uniq_jessica
D:3:      grunt_gozag_breadcrumbs, uniq_natasha, uniq_iyjb
D:4:      minmay_temple_entry_trees, serial_shops, shop_statue,
          serial_bayou_pond_a, grunt_ministairs_5
D:5:      yredelemnul_forgotten_temple_becter, gammafunk_temple_overflow_statue,
          xom_butterflies, first_bread, guppyfry_shop_venom
D:6:      old_standard_altar, serial_shops, kennysheep_mini,
          cheibrodos_worm_habitat
D:7:      good_gods_temple_1, serial_shops, shop
D:8:      lemuel_coloured_pillars_altar
D:9:      grunt_temple_overflow_lords_of_destruction,
          nicolae_qazlal_style_of_elements,
          kennysheep_orc_monster_closet_entryway
D:10:     uniq_maud
D:11:     grunt_lair_entry_elf_guard_hut, hangedman_fish_farm
D:13:     erik_vaults_1, uniq_maurice
D:14:     lab_entry_generic, lightli_swarmer
D:15:     hangedman_depths_entry_try_elsewhere_first,
          nicolae_trove_entry_path_of_doom, nicolae_wwwww
Lab:      labyrinth_watery, nicolae_lab_x, labyrinth_lava_lair

Action                   |  1- 3 |  4- 6 |  7- 9 | 10-12 | 13-15 || total
-------------------------+-------+-------+-------+-------+-------++-------
Melee: Club              |     9 |       |       |       |       ||     9
       Unarmed           |     5 |       |       |       |       ||     5
       Spear             |    32 |       |       |       |       ||    32
       Hand axe          |    21 |   127 |       |       |       ||   148
       War axe           |       |    29 |   336 |   311 |       ||   676
       Broad axe         |       |       |       |   433 |   221 ||   654
       Battleaxe         |       |       |       |     8 |       ||     8
Throw: Javelin           |    17 |    15 |     2 |    99 |    61 ||   194
       Throwing net      |       |       |       |     1 |       ||     1
 Cast: Summon Small Mamm |    21 |    33 |     5 |       |       ||    59
Invok: Heroism           |       |       |    14 |    26 |    12 ||    52
       Finesse           |       |       |       |     1 |       ||     1
Evoke: Wand              |       |     7 |    14 |    17 |     4 ||    42
       Deck              |       |       |       |       |     2 ||     2
       Phantom mirror    |       |       |       |       |     1 ||     1
  Use: Potion            |     1 |     2 |     3 |     6 |     5 ||    17
       Scroll            |     4 |     4 |     4 |    18 |     4 ||    34
 Stab: Sleeping          |     2 |     4 |     1 |       |     1 ||     8
       Distracted        |       |     2 |       |       |       ||     2
       Confused          |       |       |     3 |       |       ||     3
  Eat: Chunk             |       |     7 |    15 |    25 |     7 ||    54
       Fruit             |       |       |       |     1 |     2 ||     3
       Pizza             |       |       |       |       |     1 ||     1
